 Dungeon Crawl Stone Soup version 0.26-a0-652-gafc20e3620 (webtiles) character file.

Game seed: 11201067141684182895

1367 Decritt the Grasshopper (level 8, -5/64 HPs)
             Began as a Gnoll Warper on Oct 3, 2020.
             Was a Believer of Cheibriados.
             Slain by an unseen horror (7 damage)
             ... on level 5 of the Dungeon.
             The game lasted 01:11:54 (9625 turns).

Decritt the Grasshopper (Gnoll Warper)              Turns: 9625, Time: 01:11:54

Health: -5/64      AC:  4    Str: 19    XL:     8   Next: 65%
Magic:  2/17       EV: 16    Int: 20    God:    Cheibriados [**....]
Gold:   424        SH:  0    Dex: 19    Spells: 11/19 levels left

rFire    . . .     SeeInvis .   D - +3 trident (freeze)
rCold    . . .     Faith    .   (no shield)
rNeg     + . .     Spirit   .   n - +0 leather armour
rPois    .         Reflect  .   (no helmet)
rElec    .         Harm     .   g - +0 cloak
rCorr    .         Rampage  .   (no gloves)
MR       .....                  (no boots)
Stlth    ++........             (no amulet)
HPRegen  0.20/turn              e - ring of positive energy
MPRegen  0.15/turn              (no ring)

@: very slightly contaminated, invisible, very slow
A: distributed training, fangs 1, strong nose
a: Bend Time, Renounce Religion


You were on level 5 of the Dungeon.
You worshipped Cheibriados.
Cheibriados was pleased with you.
You visited 2 branches of the dungeon, and saw 7 of its levels.

You collected 424 gold pieces.

Inventory:

Hand Weapons
 B - a +1 short sword of venom
 D - a +3 trident of freezing (weapon)
Missiles
 c - 4 poisoned darts (quivered)
 q - 37 bolts
 y - 33 stones
 C - 11 arrows
Armour
 g - a +0 cloak (worn)
 n - a +0 leather armour (worn)
Magical Staves
 w - an uncursed staff of cold
Jewellery
 e - a ring of positive energy (left hand)
Wands
 o - a wand of flame (24)
 x - a wand of iceblast (2)
Scrolls
 a - 3 scrolls of fog
 b - a scroll of teleportation {unknown}
 d - 2 scrolls of blinking
 h - a scroll of remove curse {unknown}
 l - 3 scrolls of immolation
 m - a scroll of magic mapping {unknown}
 p - a scroll of enchant armour {unknown}
 v - a scroll of noise {unknown}
 z - 2 scrolls of fear {unknown}
 A - a scroll of amnesia {unknown}
Potions
 f - a potion of might
 i - a potion of stabbing {unknown}
 j - a potion of invisibility
 k - 3 potions of lignification
 r - a potion of degeneration {unknown}
 s - a potion of mutation {unknown}
 t - a potion of flight {unknown}
 u - a potion of resistance {unknown}


   Skills:
 + Level 5.8 Fighting
 + Level 3.4 Short Blades
 + Level 3.4 Long Blades
 + Level 5.8 Axes
 + Level 3.4 Maces & Flails
 + Level 3.4 Polearms
 + Level 3.4 Staves
 + Level 3.4 Slings
 + Level 3.4 Bows
 + Level 3.4 Crossbows
 + Level 4.3 Throwing
 + Level 4.3 Armour
 + Level 5.8 Dodging
 + Level 3.4 Stealth
 + Level 3.4 Shields
 + Level 3.4 Unarmed Combat
 + Level 6.1 Spellcasting
 + Level 2.8 Conjurations
 + Level 2.8 Hexes
 + Level 2.8 Summonings
 + Level 2.8 Necromancy
 + Level 6.2 Translocations
 + Level 2.8 Transmutations
 + Level 2.8 Fire Magic
 + Level 2.8 Ice Magic
 + Level 2.8 Air Magic
 + Level 2.8 Earth Magic
 + Level 2.8 Poison Magic
 + Level 3.8 Invocations
 + Level 3.4 Evocations


You had 11 spell levels left.
You knew the following spells:

 Your Spells              Type           Power        Failure   Level
a - Blink                 Tloc           N/A          1%          2
b - Gell's Gravitas       Tloc           ####......   2%          3
c - Lesser Beckoning      Tloc           ####......   2%          3

Your spell library contained the following spells:

 Spells                   Type           Power        Failure   Level
 Teleport Other           Tloc           ####....     2%          3
 Passage of Golubria      Tloc           N/A          9%          4


Dungeon Overview and Level Annotations

Branches:
Dungeon (6/15)             Temple (1/1) D:4

Altars:
Ashenzari
Cheibriados
Dithmenos
Elyvilon
Fedhas
Gozag
Hepliaklqana
Kikubaaqudgha
Makhleb
Nemelex Xobeh
Okawaru
Qazlal
Sif Muna
Trog
Uskayaw
Vehumet
Wu Jian
Xom
Yredelemnul
Zin
The Shining One
Beogh

Annotations:
D:4 3 runed translucent doors, lilly's ghost, amateur MiMo


Innate Abilities, Weirdness & Mutations

Your experience applies equally to all skills.
You have very sharp teeth.
Your uncanny sense of smell can sniff out nearby items.


Message History

Confirm with . or Enter, or press ? or * to list all spells.
You blink.
Casting: Blink (safe; 1% risk of failure)
Confirm with . or Enter, or press ? or * to list all spells.
You blink.
Something hits you but does no damage. Something hits you!
* * * LOW HITPOINT WARNING * * *
Casting: Blink (safe; 1% risk of failure)
Confirm with . or Enter, or press ? or * to list all spells.
You blink.
Casting: Blink (safe; 1% risk of failure)
Confirm with . or Enter, or press ? or * to list all spells.
You blink.
Okay, then.
Evoke which item? (* to show all) (? for menu, Esc to quit)
Okay, then.
Casting: Blink (safe; 1% risk of failure)
Confirm with . or Enter, or press ? or * to list all spells.
You blink.
Something hits you!
You die...

... #.#.##...## ∆ #.#
#.#........ ### #.#
#........#. ..# #.#
###.....### #.# ∆ #.# #.##.##
# #.# ####§# #.##..# # #.#
####....# ###.####.#. #.#
#.####.......####.....# #.#
#.# #......###@#.##...###.#
#.# #.#######..#§#........#
.# # #
#$.........###..##....###.###
#########.)..................
#...######.......### #####
###...### #...########
##..)>)..... ###########


There were no monsters in sight!

Vanquished Creatures
  An orc warrior (D:6)
  A sky beast (D:6)
  An ogre (D:3)
  A phantom (D:5)
  2 bullfrogs
  5 scorpions
  2 howler monkeys (D:4)
  A hound (D:4)
  3 orc wizards
  A gnoll shaman (D:5)
  3 orc priests
  2 worker ants (D:4)
  4 adders
  9 gnolls
  A howler monkey skeleton (D:4)
  A dart slug (D:3)
  2 worms
  5 leopard geckos
  14 orcs
  8 giant cockroaches
  15 goblins
  14 hobgoblins
  9 jackals
  12 kobolds
  2 quokkas
  3 ball pythons
  14 bats
  4 frilled lizards
  7 rats
  A bush (D:4)
148 creatures vanquished.

Vanquished Creatures (others)
  A kraken (D:1)
  A minotaur (D:1)
  A draconian (D:1)
  2 gargoyles (D:1)
  2 elves (D:1)
  2 nagas (D:1)
  A mummy (D:1)
  8 tentacles (D:1)
  A withered plant (D:2)
19 creatures vanquished.

Grand Total: 167 creatures vanquished

Notes
Turn   | Place    | Note
-------+----------+-------------------------------------------
     0 | D:1      | Decritt the Gnoll Warper began the quest for the Orb.
     0 | D:1      | Reached XP level 1. HP: 20/20 MP: 6/6
     2 | D:1      | Killed an elf
     5 | D:1      | Killed an elf
     5 | D:1      | Killed a naga
     8 | D:1      | Killed a gargoyle
    14 | D:1      | Killed a minotaur
    14 | D:1      | Killed a naga
    14 | D:1      | Killed a gargoyle
    16 | D:1      | Noticed a ghoul
    16 | D:1      | Noticed a draconian
    16 | D:1      | Noticed a kraken
    16 | D:1      | Noticed an elf
    16 | D:1      | Noticed a vampire
    16 | D:1      | Noticed a naga
    16 | D:1      | Noticed a centaur
    17 | D:1      | Killed a draconian
    19 | D:1      | Killed a kraken
    75 | D:1      | Reached XP level 2. HP: 19/26 MP: 7/7
   111 | D:1      | Learned a level 2 spell: Blink
   525 | D:1      | Reached XP level 3. HP: 22/31 MP: 9/9
   534 | D:1      | Reached skill level 5 in Spellcasting
  1064 | D:1      | Reached skill level 1 in Invocations
  1203 | D:2      | Reached skill level 1 in Short Blades
  1203 | D:2      | Reached skill level 1 in Long Blades
  1203 | D:2      | Reached skill level 1 in Maces & Flails
  1203 | D:2      | Reached skill level 1 in Polearms
  1203 | D:2      | Reached skill level 1 in Staves
  1203 | D:2      | Reached skill level 1 in Slings
  1203 | D:2      | Reached skill level 1 in Bows
  1203 | D:2      | Reached skill level 1 in Crossbows
  1203 | D:2      | Reached skill level 1 in Stealth
  1203 | D:2      | Reached skill level 1 in Shields
  1203 | D:2      | Reached skill level 1 in Unarmed Combat
  1203 | D:2      | Reached skill level 1 in Evocations
  1335 | D:2      | Reached XP level 4. HP: 28/38 MP: 3/11
  1630 | D:2      | Found a glowing golden altar of the Shining One.
  1703 | D:2      | Found a basalt altar of Yredelemnul.
  1786 | D:2      | Found a bloodstained altar of Trog.
  1843 | D:2      | Noticed an angel
  1844 | D:2      | Found a glowing silver altar of Zin.
  1975 | D:2      | Found a white marble altar of Elyvilon.
  2101 | D:3      | Found a white marble altar of Elyvilon.
  2170 | D:3      | Reached skill level 1 in Conjurations
  2170 | D:3      | Reached skill level 1 in Hexes
  2170 | D:3      | Reached skill level 1 in Summonings
  2170 | D:3      | Reached skill level 1 in Necromancy
  2170 | D:3      | Reached skill level 1 in Transmutations
  2170 | D:3      | Reached skill level 1 in Fire Magic
  2170 | D:3      | Reached skill level 1 in Ice Magic
  2170 | D:3      | Reached skill level 1 in Air Magic
  2170 | D:3      | Reached skill level 1 in Earth Magic
  2170 | D:3      | Reached skill level 1 in Poison Magic
  2248 | D:3      | Found an iron altar of Okawaru.
  2635 | D:3      | Reached XP level 5. HP: 26/43 MP: 12/12
  2981 | D:3      | Found an opulent altar of Gozag.
  2981 | D:3      | Found a sparkling altar of Nemelex Xobeh.
  3485 | D:3      | HP: 2/43 [scorpion (8)]
  3949 | D:4      | Noticed an ogre
  4055 | D:3      | Killed an ogre
  4055 | D:3      | Reached XP level 6. HP: 17/50 MP: 9/14
  4406 | D:4      | Reached skill level 5 in Fighting
  4406 | D:4      | Reached skill level 5 in Axes
  4406 | D:4      | Reached skill level 5 in Dodging
  4696 | D:4      | Found a staircase to the Ecumenical Temple.
  4758 | Temple   | Entered the Ecumenical Temple
  4972 | Temple   | Became a worshipper of Cheibriados the Contemplative
  5917 | D:4      | Reached XP level 7. HP: 43/56 MP: 15/15
  6587 | D:4      | Found a broken altar of Ashenzari.
  7096 | D:4      | Learned a level 3 spell: Gell's Gravitas
  7313 | D:4      | Reached * piety under Cheibriados
  7583 | D:4      | Reached XP level 8. HP: 45/63 MP: 16/16
  7699 | D:4      | Learned a level 3 spell: Lesser Beckoning
  7751 | D:4      | Noticed lilly's ghost (amateur MiMo)
  7755 | D:4      | Found a runed translucent gate.
  7756 | D:4      | Found a runed translucent gate.
  7757 | D:4      | Found a runed translucent gate.
  7769 | D:4      | Found a roughly hewn altar of Beogh.
  7971 | D:5      | Entered Level 5 of the Dungeon
  8167 | D:5      | Found a hide-covered altar of Uskayaw.
  9221 | D:6      | Reached ** piety under Cheibriados
  9622 | D:5      | HP: 1/64 [something (8)]
  9625 | D:5      | Slain by an unseen horror

Illustrated notes

Levels and vault maps discovered:
D:1:      nicolae_arrival_kraken_aquarium_b, layout_basic, glass_columns_c,
          minmay_tall_x
D:2:      minmay_diamond_boxcup, layout_loops_ring, lemuel_round_altar,
          zin_angel, nicolae_overflow_crystal_walls, yredelemnul_altar_generic,
          tso_metal_star
D:3:      layout_basic, grunt_temple_overflow_opulence, okawaru_trees_2,
          elyvilon_altar_5
D:4:      minmay_wonky_spiral, layout_gridville, nicolae_ashenzari_panopticon,
          minmay_temple_entry_glass, biasface_ghost_orc_armoury,
          minmay_hedge_maze
D:5:      layout_loops_ring, lemuel_doored_altar,
          nicolae_ru_great_annihilating_truth, feat_on_display
D:6:      layout_loops_ring, serial_shops, shop_coins, kennysheep_generic_room_8
Temple:   minmay_temple_curvy_loop

Skill      XL: |  1  2  3  4  5  6  7  8 |
---------------+-------------------------+-----
Spellcasting   | 5 6 |  6.1
Invocations    | 1 2 3 |  3.8
Short Blades   | 1 2 3 |  3.4
Long Blades    | 1 2 3 |  3.4
Maces & Flails | 1 2 3 |  3.4
Polearms       | 1 2 3 |  3.4
Staves         | 1 2 3 |  3.4
Slings         | 1 2 3 |  3.4
Bows           | 1 2 3 |  3.4
Crossbows      | 1 2 3 |  3.4
Stealth        | 1 2 3 |  3.4
Shields        | 1 2 3 |  3.4
Unarmed Combat | 1 2 3 |  3.4
Evocations     | 1 2 3 |  3.4
Conjurations   | 1 2 |  2.8
Hexes          | 1 2 |  2.8
Summonings     | 1 2 |  2.8
Necromancy     | 1 2 |  2.8
Transmutations | 1 2 |  2.8
Fire Magic     | 1 2 |  2.8
Ice Magic      | 1 2 |  2.8
Air Magic      | 1 2 |  2.8
Earth Magic    | 1 2 |  2.8
Poison Magic   | 1 2 |  2.8
Throwing       | 3 4 |  4.3
Armour         | 3 4 |  4.3
Fighting       | 5 |  5.8
Axes           | 5 |  5.8
Dodging        | 5 |  5.8
Translocations | 6 |  6.2

Action                   |  1- 3 |  4- 6 |  7- 9 || total
-------------------------+-------+-------+-------++-------
Melee: Hand axe          |   126 |   189 |    45 ||   360
       Bite              |    11 |    21 |    33 ||    65
       Unarmed           |       |    30 |    10 ||    40
       Punch             |       |     1 |     7 ||     8
       Short sword       |       |       |    67 ||    67
       Trident           |       |       |    71 ||    71
Throw: Boomerang         |     5 |       |       ||     5
       Dart              |    17 |    21 |    25 ||    63
       Stone             |       |       |     1 ||     1
 Cast: Blink             |     5 |     7 |    18 ||    30
       Gell's Gravitas   |       |       |    13 ||    13
       Lesser Beckoning  |       |       |     9 ||     9
  Use: Potion            |     3 |     1 |     7 ||    11
       Scroll            |       |     4 |     1 ||     5
 Stab: Sleeping          |     3 |       |     2 ||     5
Armor: Leather armour    |    37 |    80 |    25 ||   142
Dodge: Dodged            |   114 |   186 |   157 ||   457

Table legend: (Time is in decaauts)
 A = Elapsed time spent in this place.
 B = Non-inter-level travel time spent in this place.
 C = Inter-level travel time spent in this place.
 D = Time resting spent in this place.
 E = Time spent auto-exploring this place.
 F = Levels seen in this place.
 G = Mean time per level.
                   A        B        C        D        E       F      G
               +--------+--------+--------+--------+--------+-----+--------+
         Total |  10117 |  10007 |    110 |   4340 |   1953 |   7 | 1445.3 |
       Dungeon |   9000 |   8912 |     88 |   3562 |   1764 |   6 | 1500.0 |
        Temple |   1116 |   1094 |     22 |    778 |    189 |   1 | 1116.0 |
               +--------+--------+--------+--------+--------+-----+--------+

Top non-repeatable levels by time:
     D:4: 3126 daAuts
     D:3: 2147 daAuts
  Temple: 1116 daAuts
     D:1: 1108 daAuts
     D:6: 1050 daAuts
     D:2: 962 daAuts
     D:5: 605 daAuts
